AoeStats
← Because I Got High

Arabia

510147534Analyzed
1v1 RM · 1d ago on Sep 29, 2026· 43m 49s· 2 players
Game mode
Random Map
Map size
Tiny (2 player)
Population
200
Speed
Normal
Resources
Standard
Victory
Conquest
Starting age
Dark Age
Ending age
Imperial Age
RankedLock teamsTeams togetherTeam positionsShared explorationLock speedFull tech treeHidden civsTurbo modeCheats
Victory
Defeat
🇧🇷 Burgundians · Brazil
1247
+17
🇦🇷 Lithuanians · Argentina
1258
-17
SergioBR
3:54 Double-Bit Axe
4:53 Loom
9:41 Feudal Age
11:06 Horse Collar
16:16 Arson
25:51 Castle Age
24:55 Bow Saw
24:38 Gold Mining
24:40 Stone Mining
25:31 Scale Barding Armor
25:36 Forging
26:12 Forging
27:18 Wheelbarrow
27:21 Heavy Plow
27:44 Husbandry
33:27 Iron Casting
35:08 Town Watch
36:29 Two-Man Saw
35:33 Cavalier
37:08 Fervor
37:47 Hand Cart
44:13 Chain Barding Armor
Because I Got High
4:48 Loom
8:45 Feudal Age
9:19 Double-Bit Axe
10:42 Horse Collar
18:49 Town Watch
20:26 Fletching
23:14 Castle Age
26:46 Bodkin Arrow
27:07 Bow Saw
29:31 Pikeman
35:10 Gold Mining
Connection lost

Rejoining the realm…

Still unreachable

The connection could not be restored.

Session expired

The server has moved on; the page needs a fresh start.